 Dungeon Crawl Stone Soup version 0.32-a0-473-gd044c6f0f0 (webtiles) character file.

Game seed: 16306342335433665058

102032 drugrobin the Devastator (level 15, -2/128 HPs)
             Began as a Demigod Delver on Feb 25, 2024.
             Killed from afar by an ironbound thunderhulk (28 damage)
             ... with a bolt of lightning
             ... on level 14 of the Dungeon.
             The game lasted 01:23:22 (26936 turns).

drugrobin the Devastator (Demigod Delver)          Turns: 26936, Time: 01:23:22

Health: -2/128     AC: 32    Str: 31    XL:     15   Next: 15%
Magic:  21/26      EV: 11    Int: 24    God:
Gold:   1784       SH: 11    Dex: 19    Spells: 2/24 levels left

rFire   + + .        a - +9 eveningstar (drain)
rCold   + + .        J - +0 buckler
rNeg    + . .        P - +8 ice dragon scales "Xuveicaxt" {rF- rC++ rN+}
rPois   .            k - +2 hat {Will+}
rElec   .            g - +1 cloak "Emyroh" {Int+8}
rCorr   .            i - +2 pair of gloves {Stlth+}
SInv    .            (no boots)
Will    ++...        A - amulet of reflection
Stlth   ++           B - +6 ring of strength
HPRegen 0.41/turn    N - ring of Keum {^Drain rF+++ AC+4 Slay+5}
MPRegen 0.20/turn

%: reflection
@: no status effects
A: high MP 1, forlorn, divine attributes
a: no special abilities


You were on level 14 of the Dungeon.
You visited 2 branches of the dungeon, and saw 19 of its levels.
You also visited: Bailey, Gauntlet and Ice Cave.

You collected 1931 gold pieces.
You spent 147 gold pieces at shops.

Inventory:

Hand Weapons
 a - a +9 eveningstar of draining (weapon)
 b - the +3 hand axe "Foqeesaggyw" {drain, Fly Str+3}
   (You took it off a wight on level 5 of the Dungeon)

   Str+3:     It affects your strength (+3).
   Fly:       It grants you flight.
 e - the +8 dagger "Jigaweeg" {heavy, rElec rF+ Dex-2}
   (You bought it in a shop on level 6 of the Dungeon)

   Dex-2:     It affects your dexterity (-2).
   rF+:       It protects you from fire.
   rElec:     It insulates you from electricity.
Missiles
 p - 5 throwing nets
 r - 11 boomerangs (quivered)
 S - 5 curare-tipped darts
Armour
 g - the +1 cloak "Emyroh" (worn) {Int+8}
   (You found it in a Gauntlet)

   Int+8:     It affects your intelligence (+8).
 i - a +2 pair of gloves of stealth (worn)
 k - a +2 hat of willpower (worn)
 J - a +0 buckler (worn)
 P - the +8 ice dragon scales "Xuveicaxt" (worn) {rF- rC++ rN+}
   (You took it off a goblin in a bailey)

   rF-:       It makes you vulnerable to fire.
   rC++:      It greatly protects you from cold.
   rN+:       It protects you from negative energy.
Jewellery
 m - the ring "Kiuleek" {rElec rC+}
   (You took it off a reaper in an ice cave)

   [ring of protection from cold]

   rC+:       It protects you from cold.
   rElec:     It insulates you from electricity.
 u - a ring of flight
 A - an amulet of reflection (around neck)
 B - a +6 ring of strength (left hand)
 D - a ring of willpower
 N - the ring of Keum (right hand) {^Drain rF+++ AC+4 Slay+5}
   (You acquired it in a bailey)

   [ring of protection]

   AC+4:      It affects your AC (+4).
   Slay+5:    It affects your accuracy & damage with ranged weapons and melee
   (+5).
   rF+++:     It renders you almost immune to fire.
   ^Drain:    It drains your maximum health when unequipped.
 V - a ring of resist corrosion
Wands
 q - a wand of digging (2)
 s - a wand of light (22)
 C - a wand of roots (22)
 K - a wand of charming (12)
 X - a wand of polymorph (6)
Scrolls
 c - 5 scrolls of fog
 l - 7 scrolls of teleportation
 n - 2 scrolls of immolation
 z - 2 scrolls of vulnerability
 H - 2 scrolls of revelation
 I - 2 scrolls of enchant armour
 M - 3 scrolls of poison
 R - 3 scrolls of fear
 T - 2 scrolls of blinking {unknown}
 Y - 7 scrolls of summoning {unknown}
 Z - a scroll of silence {unknown}
Potions
 f - 8 potions of haste
 h - 2 potions of magic {unknown}
 j - 4 potions of lignification {unknown}
 o - a potion of invisibility
 v - a potion of ambrosia
 w - 14 potions of resistance
 x - 3 potions of enlightenment
 E - 7 potions of heal wounds
 F - 2 potions of attraction {unknown}
 G - 10 potions of curing
 L - 4 potions of mutation {unknown}
 O - 5 potions of might {unknown}
 U - a potion of berserk rage {unknown}
Miscellaneous
 y - a phial of floods


   Skills:
 + Level 10.9 Fighting
 * Level 14.3 Maces & Flails
 + Level 9.0 Armour
 - Level 1.7 Dodging
 - Level 4.5 Stealth
 + Level 4.1 Shields
 - Level 5.0 Spellcasting
 * Level 15.1 Conjurations
 - Level 4.0 Evocations


You had 2 spell levels left.
You knew the following spells:

 Your Spells              Type           Power      Damage    Failure   Level
a - Sting                 Conj/Alch      100%       1d9       1%          1
b - Summon Small Mammal   Summ           24%        N/A       21%         1
c - Iskenderun's Battles  Conj           68%        2d12      1%          5
d - Fulminant Prism       Conj/Alch      21%        3d12      9%          4
e - Iskenderun's Mystic   Conj/Tloc      42%        2d10      9%          4
f - Stone Arrow           Conj/Erth      84%        3d12      2%          3
g - Brom's Barrelling Bo  Conj/Erth      42%        2d6       9%          4

Your spell library contained the following spells:

 Spells                   Type           Power      Damage    Failure   Level
 Kiss of Death            Conj/Necr      100%       2d13      1%          1
 Magic Dart               Conj           100%       1d8       1%          1
 Searing Ray              Conj           100%       2d8       1%          2
 Apportation              Tloc           12%        N/A       21%         1
 Necrotise                Necr           24%        1d5       21%         1
 Sandblast                Erth           12%        2d6       21%         1
 Ensorcelled Hibernation  Hex/Ice        12%        N/A       30%         2
 Jinxbite                 Hex            12%        N/A       30%         2
 Confusing Touch          Hex            6%         N/A       52%         3
 Inner Flame              Hex/Fire       6%         N/A       52%         3
 Passwall                 Erth           6%         N/A       52%         3
 Swiftness                Air            6%         N/A       52%         3
 Tukima's Dance           Hex            6%         N/A       52%         3
 Freezing Cloud           Conj/Ice/Air   15%        6-21      58%         5
 Bombard                  Conj/Erth      21%        9d4       80%         6
 Animate Dead             Necr           6%         N/A       90%         4
 Dimensional Bullseye     Hex/Tloc       3%         N/A       90%         4
 Dispel Undead            Necr           6%         3d8       90%         4
 Summon Blazeheart Golem  Fire/Summ      6%         N/A       90%         4
 Alistair's Intoxication  Alch           4%         N/A       99%         5
 Borgnjor's Vile Clutch   Necr/Erth      3%         N/A       99%         5
 Summon Forest            Summ/Tloc      3%         N/A       99%         5
 Summon Mana Viper        Hex/Summ       6%         N/A       99%         5
 Death Channel            Necr           3%         N/A       100%        6
 Summon Cactus Giant      Summ           3%         N/A       100%        6
 Ozocubu's Refrigeration  Ice            3%         4d8       100%        7
 Spellforged Servitor     Conj/Summ      21%        N/A       100%        7


Dungeon Overview and Level Annotations

Branches:
Dungeon (14/15)            Temple (0/1) D:6            Lair (5/5) D:10
  Swamp (0/4) Lair:3        Snake (0/4) Lair:3        Slime (0/5) Lair:5
    Orc (0/2) D:10         Bailey (visited)           IceCv (visited)
Gauntlet (visited)
 Vaults: D:13-14

Shops:
D:6 (=:(:   D:9 =

Annotations:
D:5 exclusion: 2 lemures, Pikel
Lair:1 exclusion: 3 oklob plants
Lair:4 1 runed translucent door, Bikan's ghost, journeyman CoFi


Innate Abilities, Weirdness & Mutations

You have an increased reservoir of magic. (+10% MP)
You shall have no god before yourself.
Your divine heritage dramatically boosts your attributes as you level up.


Message History

The centaur warrior barely misses you. You block the centaur warrior's attack.
Unknown command.
Unknown command.
You impale the centaur warrior!!
You kill the centaur warrior!
Your fulminant prism explodes!
The blast of energy engulfs the vault guard!
The vault guard is moderately wounded.
The blast of energy engulfs the human!
The human is moderately wounded.
You block the human's attack.
Electricity crackles from the ironbound thunderhulk's apparatus.
The bolt of lightning hits you!!!
Unknown command.
Unknown command.
Unknown command.
You sock the human!
The human is severely wounded.
You block the human's attack.
A vault guard comes into view. It is wielding a +0 battleaxe.
Unknown command.
You barely miss the human.
The human is severely wounded.
Electricity crackles from the ironbound thunderhulk's apparatus.
The bolt of lightning hits you!!!
* * * LOW HITPOINT WARNING * * *
The vault guard hits you but does no damage.
Unknown command.
Unknown command.
Unknown command.
You swap places.
There is an open gate, spattered with blood here.
You're wearing all the rings you can.
Remove which one? (? for menu, Esc to cancel) < or
B - a +6 ring of strength > or
N - the ring of Keum {^Drain rF+++ AC+4 Slay+5}
Okay, then.
Unknown command.
Electricity crackles from the ironbound thunderhulk's apparatus.
The bolt of lightning hits you!!
You die...

#.........#..........#
#...........#.........
####
#####.#.##..#).)......
###..####
##....##.....>.###..
###....'..#
#...##....####.####.
.......'..####.#.......#
#....##
#..p.'...p........####
####.##
###).#.O.p.p.*.##.# #...
####...p####@##.### #...
#.....####.##...# #...
#.....#....####.### #...
#.....#.#### #...# #...
#######.# ###.# ###.).
#..# ##.####...).
#####.##### #..#........
#.........# ##.##....#...
#.........####.......##...


You could see an ironbound thunderhulk, 2 vault guards, a human and a friendly
battlesphere.

Vanquished Creatures
  A reaper (IceCv)
  A minotaur (Gauntlet)
  A fire dragon (Lair:5)
  Harold (D:10)
  A centaur warrior (D:14)
  5 hydras
  A ghost crab (Gauntlet)
  2 boulder beetles
  An ogre mage (D:13)
  17 death yaks
  A hell hog (Lair:5)
  3 tengu warriors (D:14)
  8 two-headed ogres
  A death knight (D:13)
  Sonja (D:11)
  Nergalle (D:11)
  A fire crab (Gauntlet)
  7 skeletal warriors
  A swamp dragon (Lair:5)
  2 phantasmal warriors (D:13)
  Maurice (D:12)
  2 deep elf pyromancers
  9 ugly things
  3 manticores
  An orc sorcerer (Bailey)
  An oklob plant (Lair:1)
  7 cyclopes
  A salamander (Lair:3)
  4 black mambas
  7 cane toads
  3 ice statues
  2 gargoyles
  2 unseen horrors (D:12)
  5 rime drakes
  9 komodo dragons
  A freezing wraith (IceCv)
  6 kobold demonologists
  6 ice devils (IceCv)
  2 efreet
  2 anaconda simulacra (IceCv)
  Psyche (D:10)
  3 trolls
  A hornet (D:8)
  12 polar bears
  3 raiju (Lair:5)
  11 dream sheep
  11 blink frogs
  Sigmund (D:3)
  8 slime creatures
  3 shadows
  2 spriggans (Lair:4)
  3 wraiths
  8 wyverns
  A vampire (D:7)
  56 yaks
  7 wargs (Lair:5)
  A steam dragon (Lair:5)
  4 basilisks (Lair:4)
  3 fire bats (Gauntlet)
  A hydra simulacrum (IceCv)
  14 hell hounds
  5 acid dragons
  17 water moccasins
  2 swamp drakes (Lair:5)
  3 sky beasts
  9 orc warriors
  2 laughing skulls (D:13)
  16 black bears
  27 wolves
  An ogre (D:6)
  4 centaurs
  2 phantoms
  A weeping skull (D:9)
  6 kobold brigands
  6 gnoll sergeants
  2 two-headed ogre simulacra (IceCv)
  11 bullfrogs
  6 scorpions
  A cane toad simulacrum (IceCv)
  12 wights
  12 killer bees
  An elephant simulacrum (IceCv)
  3 electric eels (Bailey)
  4 howler monkeys
  2 lava snakes (Lair:3)
  3 jellies
  A bombardier beetle (D:7)
  2 gnoll boudas
  5 orc priests
  6 hounds
  8 iguanas
  12 orc wizards
  4 troll simulacra (IceCv)
  A polar bear simulacrum (IceCv)
  A spriggan simulacrum (IceCv)
  A wolf simulacrum (IceCv)
  23 gnolls
  5 adders
  3 naga simulacra (IceCv)
  2 shadow imps
  17 white imps
  3 ufetubi (IceCv)
  A dart slug (D:3)
  A ribbon worm (D:3)
  36 orcs
  7 bats
  7 endoplasms
  5 goblins
  14 hobgoblins
  15 jackals (D:2)
  7 quokkas
  5 ball pythons
  A frilled lizard (D:3)
  36 kobolds
  3 rats
  A spectral orc (D:9)
676 creatures vanquished.

Vanquished Creatures (collateral kills)
  An ogre (D:6)
  A boulder (Lair:3)
2 creatures vanquished.

Vanquished Creatures (others)
  An electric eel (Bailey)
  9 fulminant prisms
10 creatures vanquished.

Grand Total: 688 creatures vanquished

Notes
Turn   | Place    | Note
-------+----------+-------------------------------------------
     0 | D:5      | drugrobin the Demigod Delver began the quest for the Orb.
     0 | D:5      | Reached XP level 1. HP: 18/18 MP: 3/3
   118 | D:5      | Noticed a hound
   415 | D:5      | Identified the +3 robe "Suckuo" {Rampage}
   576 | D:3      | Reached XP level 2. HP: 10/25 MP: 4/4
  1025 | D:1      | Reached XP level 3. HP: 19/30 MP: 5/5
  1560 | D:1      | Learned a level 1 spell: Sting
  1562 | D:1      | Learned a level 1 spell: Summon Small Mammal
  2354 | D:3      | Noticed Sigmund
  2446 | D:4      | Reached skill level 1 in Conjurations
  2446 | D:4      | Reached XP level 4. HP: 37/37 MP: 7/7
  2512 | D:4      | Reached skill level 1 in Spellcasting
  2599 | D:4      | Noticed an orc warrior
  2762 | D:5      | Reached XP level 5. HP: 27/42 MP: 6/9
  2937 | D:5      | Reached skill level 2 in Conjurations
  3789 | D:4      | Identified the +0 ring mail of the Bulwark {Str+2}
  3820 | D:4      | Reached XP level 6. HP: 50/50 MP: 9/12
  4486 | D:5      | Reached skill level 3 in Conjurations
  4563 | D:5      | Reached skill level 5 in Maces & Flails
  4796 | D:5      | Identified the +3 hand axe "Foqeesaggyw" {drain, Fly Str+3}
  4849 | D:5      | Reached XP level 7. HP: 45/56 MP: 12/14
  5126 | D:5      | Reached skill level 4 in Conjurations
  5170 | D:5      | Noticed Pikel
  5456 | D:3      | Killed Sigmund
  5783 | D:6      | Reached skill level 5 in Conjurations
  5831 | D:5      | Reached XP level 8. HP: 60/63 MP: 15/15
  6397 | D:6      | Found Joifojadgh's Book Shop.
  6416 | D:6      | Found Imoren Dui's Jewellery Shop.
  6523 | D:6      | Reached skill level 6 in Conjurations
  6615 | D:6      | Found Nasecs's Book Boutique.
  7127 | D:6      | Reached XP level 9. HP: 58/73 MP: 13/16
  7210 | D:5      | Reached skill level 7 in Conjurations
  7265 | D:5      | Reached skill level 5 in Fighting
  7551 | D:6      | Found Efauczoe's Antique Weapon Boutique.
  7647 | D:6      | Found Xummoedo's Antique Weapon Shop.
  7650 | D:6      | Bought an ivory dagger for 147 gold pieces
  7650 | D:6      | Identified the +8 dagger "Jigaweeg" {heavy, rElec rF+
                  | Dex-2} (You bought it in a shop on level 6 of the Dungeon)
  7749 | D:6      | Found a staircase to the Ecumenical Temple.
  8013 | D:7      | Found a flagged portal.
  8033 | Bailey   | Entered a bailey
  8411 | Bailey   | Noticed an orc sorcerer
  8464 | Bailey   | Reached skill level 8 in Conjurations
  8608 | Bailey   | Acquired the ring of Keum {^Drain rF+++ AC+4 Slay+5}
  8647 | Bailey   | Noticed a rust devil
  8655 | Bailey   | Killed an orc sorcerer
  8668 | Bailey   | Noticed a kobold demonologist
  8720 | Bailey   | Noticed a rust devil
  8727 | Bailey   | Killed a kobold demonologist
  8843 | Bailey   | Identified the +8 ice dragon scales "Xuveicaxt" {rF- rC++
                  | rN+}
  8875 | Bailey   | Got the Atlas of the Slorg
  9212 | D:7      | Reached XP level 10. HP: 80/83 MP: 17/17
  9248 | D:7      | Reached skill level 1 in Armour
  9250 | D:7      | Reached skill level 9 in Conjurations
  9272 | D:7      | Learned a level 5 spell: Iskenderun's Battlesphere
  9403 | D:7      | Noticed a cyclops
  9403 | D:7      | Noticed a two-headed ogre
  9479 | D:7      | Killed a cyclops
  9805 | D:7      | Noticed a cyclops
  9818 | D:7      | Killed a cyclops
  9882 | D:7      | Noticed a deep elf pyromancer
  9895 | D:7      | Killed a deep elf pyromancer
  9896 | D:7      | Reached skill level 10 in Conjurations
 10221 | D:7      | Killed a two-headed ogre
 10335 | D:8      | Reached XP level 11. HP: 92/92 MP: 18/18
 10612 | D:8      | Noticed a two-headed ogre
 10626 | D:8      | Killed a two-headed ogre
 11084 | D:8      | Identified the +4 ring mail of Rinkog {rC+}
 11403 | D:9      | Found Aneizath's Jewellery Shop.
 11501 | D:9      | Reached skill level 1 in Evocations
 12240 | D:10     | Entered Level 10 of the Dungeon
 12347 | D:10     | Reached skill level 11 in Conjurations
 12461 | D:10     | Found a staircase to the Lair.
 12464 | D:10     | Noticed Harold
 12482 | D:10     | Killed Harold
 12569 | D:10     | Reached skill level 10 in Maces & Flails
 12725 | D:10     | Found a staircase to the Orcish Mines.
 13015 | D:10     | Noticed Psyche
 13020 | D:10     | Killed Psyche
 13021 | D:10     | Reached skill level 5 in Armour
 13393 | D:11     | Noticed Sonja
 13393 | D:11     | Noticed Nergalle
 13403 | D:11     | Killed Nergalle
 13420 | D:11     | Killed Sonja
 13421 | D:11     | Reached XP level 12. HP: 95/102 MP: 16/21
 13931 | Lair:1   | Entered Level 1 of the Lair of Beasts
 14760 | Lair:1   | Reached skill level 12 in Conjurations
 15585 | Lair:3   | Noticed a six-headed hydra
 15593 | Lair:3   | Killed a six-headed hydra
 15613 | Lair:3   | Noticed an eight-headed hydra
 15623 | Lair:3   | Killed an eight-headed hydra
 15702 | Lair:3   | Found a staircase to the Snake Pit.
 15776 | Lair:4   | Reached XP level 13. HP: 109/111 MP: 24/24
 15802 | Lair:4   | Reached skill level 5 in Spellcasting
 15831 | Lair:4   | Found a gate leading to a gauntlet.
 15869 | Gauntlet | Entered a Gauntlet
 15869 | Gauntlet | Found a transporter.
 15869 | Gauntlet | Found a transporter.
 15912 | Gauntlet | Found a transporter.
 15912 | Gauntlet | Found a transporter.
 15936 | Gauntlet | Found a transporter.
 15944 | Gauntlet | Found a transporter.
 15946 | Gauntlet | Found a transporter.
 15946 | Gauntlet | Found a transporter.
 15950 | Gauntlet | Found a transporter.
 15984 | Gauntlet | Found a transporter.
 16002 | Gauntlet | Found a transporter.
 16047 | Gauntlet | Found a transporter.
 16052 | Gauntlet | Noticed a quicksilver ooze
 16063 | Gauntlet | Found a transporter.
 16148 | Gauntlet | Found a transporter.
 16163 | Gauntlet | Found a transporter.
 16177 | Gauntlet | Found a transporter.
 16441 | Gauntlet | Identified the +1 cloak "Emyroh" {Int+8}
 16582 | Gauntlet | Identified the +7 chain mail "Utomom" {Fly rElec rN++
                  | Stlth-}
 16582 | Gauntlet | Noticed a minotaur
 16606 | Gauntlet | Killed a minotaur
 17026 | Lair:5   | Entered Level 5 of the Lair of Beasts
 17042 | Lair:5   | Reached skill level 13 in Conjurations
 17081 | Lair:5   | Learned a level 4 spell: Fulminant Prism
 17086 | Lair:5   | Learned a level 4 spell: Iskenderun's Mystic Blast
 17216 | Lair:5   | Found a frozen archway.
 17284 | IceCv    | Entered an ice cave
 17898 | IceCv    | Identified the ring "Kiuleek" {rElec rC+}
 17898 | IceCv    | Noticed a reaper
 17924 | IceCv    | Killed a reaper
 18533 | Lair:5   | Identified the +4 leather armour "Utul" {rC- Dex+7}
 18552 | Lair:5   | Got an earthy gem with 872 turns to spare
 18786 | Lair:5   | Learned a level 3 spell: Stone Arrow
 19109 | Lair:5   | Found a staircase to the Slime Pits.
 19490 | Lair:5   | Reached XP level 14. HP: 119/119 MP: 21/25
 19524 | Lair:5   | Reached skill level 10 in Fighting
 19550 | Lair:5   | Reached skill level 14 in Conjurations
 19835 | Lair:5   | Reached skill level 1 in Shields
 19967 | Lair:4   | Found a runed translucent door.
 19968 | Lair:4   | Noticed Bikan's ghost (journeyman CoFi)
 20935 | Lair:4   | Learned a level 4 spell: Brom's Barrelling Boulder
 21645 | Lair:3   | Found a staircase to the Swamp.
 23850 | D:12     | Noticed Maurice
 23855 | D:12     | Killed Maurice
 26238 | D:14     | Reached skill level 15 in Conjurations
 26243 | D:14     | Reached XP level 15. HP: 128/128 MP: 7/26
 26936 | D:14     | Killed from afar by an ironbound thunderhulk

Illustrated notes

Levels and vault maps discovered:
D:1:      minmay_arrival_stone_box, layout_basic, minmay_domino_2
D:2:      layout_loops_cross
D:3:      layout_loops_cross, uniq_sigmund
D:4:      layout_gridville, kennysheep_mini, due_unseen_surprise
D:5:      layout_loops_ring, grunt_decor_one_mirror, kennysheep_generic_room_2,
          uniq_pikel
D:6:      kennysheep_housing_project, layout_cave_pools,
          minmay_temple_entry_fiery, serial_shops, shop, shop, shop,
          nicolae_shop_real_fake_doors, nicolae_shop_tiny_glass
D:7:      minmay_the_grid_octo_tiled_octocenter
          [minmay_the_grid_octo_vomiting_pacman,
          minmay_the_grid_octo_thin_diamonds, minmay_the_grid_octo_teeth,
          minmay_the_grid_octo_empty, minmay_the_grid_octo_prize_single_spiral,
          minmay_the_grid_square_5x5_tri_point,
          minmay_the_grid_square_5x5_sharp_hourglass,
          minmay_the_grid_square_5x5_one_wall, minmay_the_grid_square_5x5_mess],
          layout_basic, enter_bailey_7, minmay_a_box_with_orc_wizards_in_it
D:8:      layout_basic, nicolae_kikubaaqudgha_miasma_corner, lemuel_flame_loot_1
D:9:      layout_loops_ring, yredelemnul_forgotten_temple_becter, serial_shops,
          shop
D:10:     layout_roguey, chequers_temple_overflow_statue_of_worship,
          due_lair_maze_entry_diamond, orc_0_dummy, uniq_harold, uniq_psyche
D:11:     layout_roguey, uniq_sonja, uniq_nergalle
D:12:     minmay_s_stair_smasher, layout_cross, uniq_maurice
D:13:     layout_loops_corners
D:14:     layout_rooms, hellmonk_vaults_keyhole,
          nicolae_uskayaw_murder_on_the_dancefloor
Lair:1:   minmay_lair_oklob_tunnel, layout_loops_ring
Lair:2:   layout_layer_cave, minmay_hedge_maze, chequers_serial_rivers_micro_d
Lair:3:   layout_cave_pods, swamp_mist_pool, nicolae_snake_entry_warm_welcome
Lair:4:   wad_woods_stonehenge, layout_layer_cave, gauntlet_entry_generic,
          gammafunk_ghost_grave, kennysheep_basilisk_garden
Lair:5:   guppyfry_lair_end_dragon, layout_layer_cave,
          hangedman_lair_caniforms_friends, slime_entry_2,
          portal_ice_cave_entry_imps, grunt_megastairs_5

Skill      XL: |  1  2  3  4  5  6  7  8  9 10 11 12 13 14 15 |
---------------+----------------------------------------------+-----
Maces & Flails | 2 3 4 5 6 7 8 9 10 11 12 14 | 14.3
Conjurations   | 1 2 3 5 6 8 10 11 12 13 15 | 15.1
Spellcasting   | 1 2 3 4 5 |  5.0
Fighting       | 3 4 6 7 8 9 10 | 10.9
Armour         | 3 5 6 7 8 9 |  9.0
Evocations     | 2 4 |  4.0
Shields        | 3 4 |  4.1
Dodging        | |  1.7
Stealth        | |  4.5

Action                     |  1- 3 |  4- 6 |  7- 9 | 10-12 | 13-15 || total
---------------------------+-------+-------+-------+-------+-------++-------
  Melee: Mace              |   182 |    66 |       |       |       ||   248
         Morningstar       |       |    29 |       |       |       ||    29
         Flail             |       |       |   372 |       |       ||   372
         Eveningstar       |       |       |    12 |   591 |   907 ||  1510
         Dagger            |       |       |    11 |       |       ||    11
  Throw: Boomerang         |     2 |    20 |    11 |     9 |     4 ||    46
         Dart              |       |     7 |       |     2 |     2 ||    11
         Throwing net      |       |       |       |     1 |     2 ||     3
   Cast: Sting             |     6 |    24 |    41 |    18 |    63 ||   152
         Summon Small Mamm |     3 |    13 |    14 |     9 |    14 ||    53
         Iskenderun's Batt |       |       |       |     1 |    28 ||    29
         Fulminant Prism   |       |       |       |       |     9 ||     9
         Stone Arrow       |       |       |       |       |    31 ||    31
         Brom's Barrelling |       |       |       |       |     5 ||     5
         Iskenderun's Myst |       |       |       |       |     2 ||     2
  Evoke: Wand              |     1 |       |     1 |     6 |       ||     8
    Use: Scroll            |     1 |     1 |     2 |     9 |    14 ||    27
         Potion            |       |     1 |       |       |     1 ||     2
   Stab: Sleeping          |    11 |     1 |     3 |     1 |     3 ||    19
         Distracted        |       |     1 |     2 |       |     3 ||     6
         Held in net/web   |       |       |       |       |     4 ||     4
 Armour: Robe              |    92 |    63 |    48 |       |       ||   203
         Leather armour    |     3 |       |       |       |       ||     3
         Plate armour      |    28 |       |       |       |       ||    28
         Scale mail        |       |       |   183 |       |       ||   183
         Ice dragon scales |       |       |     5 |   325 |   701 ||  1031
  Dodge: Dodged            |   117 |    43 |   159 |   176 |   319 ||   814
         Repelled          |       |       |     2 |     8 |       ||    10
  Block: Other             |       |    15 |    26 |       |       ||    41
         Buckler           |       |       |    96 |   225 |   414 ||   735
         Reflection        |       |       |     1 |    14 |     9 ||    24

Table legend: (Time is in decaauts)
 A = Elapsed time spent in this place.
 B = Non-inter-level travel time spent in this place.
 C = Inter-level travel time spent in this place.
 D = Time resting spent in this place.
 E = Time spent auto-exploring this place.
 F = Levels seen in this place.
 G = Mean time per level.
                   A        B        C        D        E       F      G
               +--------+--------+--------+--------+--------+-----+--------+
         Total |  26976 |  25974 |   1002 |   1964 |  16642 |  22 | 1226.2 |
       Dungeon |  16070 |  15425 |    645 |   1596 |   9639 |  14 | 1147.9 |
          Lair |   8103 |   7746 |    357 |     66 |   5777 |   5 | 1620.6 |
        Bailey |   1075 |   1075 |      0 |    168 |    477 |   1 | 1075.0 |
      Ice Cave |    981 |    981 |      0 |    133 |    416 |   1 |  981.0 |
      Gauntlet |    745 |    745 |      0 |      0 |    331 |   1 |  745.0 |
               +--------+--------+--------+--------+--------+-----+--------+

Top non-repeatable levels by time:
     D:5: 2498 daAuts
  Lair:4: 2007 daAuts
  Lair:5: 1933 daAuts
     D:6: 1604 daAuts
  Lair:3: 1549 daAuts
     D:4: 1471 daAuts
  Lair:2: 1358 daAuts
     D:7: 1339 daAuts
  Lair:1: 1255 daAuts
    D:13: 1162 daAuts
  Bailey: 1075 daAuts
    D:10: 993 daAuts
   IceCv: 981 daAuts
     D:8: 970 daAuts
     D:9: 948 daAuts
